 Dungeon Crawl Stone Soup version 0.29.0-15-g675c0067aa (webtiles) character file.

Game seed: 14488767371960785204

51 wakxed the Magician (level 4, -3/32 HPs)
             Began as a Djinni Hedge Wizard on Sept 11, 2022.
             Slain by a goblin
             ... wielding a +2 dagger of venom
             ... led by Robin
              (4 damage)
             ... on level 1 of the Dungeon.
             The game lasted 00:07:50 (2614 turns).

wakxed the Magician (Djinni Hedge Wizard)           Turns: 2614, Time: 00:07:50

Health: -3/32      AC:  3    Str:  9    XL:     4   Next: 5%
Gold:   153        EV: 12    Int: 17    God:
                   SH:  0    Dex: 13

rFire   + + .      SeeInvis .   e - +2 dagger (elec)
rCold   x . .      Faith    .   (no shield)
rNeg    . . .      Spirit   .   b - +0 robe
rPois   ∞          Reflect  .   g - +0 helmet
rElec   .          Harm     .   (no cloak)
rCorr   .          Rampage  .   (no gloves)
Will    .....                   (boots unavailable)
Stlth   ++........              (no amulet)
HPRegen 0.10/turn               (no ring)
MPRegen 0.00/turn               (no ring)

@: flying
A: sickness immunity, fire resistance 2, cold vulnerability 1, float, innate
caster, HP casting, extra vitality 1
a: no special abilities


You were on level 1 of the Dungeon.
You visited 1 branch of the dungeon, and saw 2 of its levels.

You collected 153 gold pieces.

Inventory:

Hand Weapons
 e - a +2 dagger of electrocution (weapon)
 f - a +2 dagger of flaming
Armour
 b - a +0 robe (worn)
 g - a +0 helmet (worn)
Scrolls
 a - a scroll of noise {unknown}
 d - a scroll of identify


   Skills:
 + Level 1.6 Fighting
 - Level 2.1 Dodging
 - Level 1.5 Stealth
 * Level 3.3 Spellcasting


You couldn't memorise any spells.
You knew the following spells:

 Your Spells              Type           Power      Damage    Failure   Level
a - Magic Dart            Conj           56%        1d5       4%          1
b - Blink                 Tloc           28%        N/A       7%          2
c - Call Imp              Summ           14%        N/A       7%          2
d - Slow                  Hex            56%        N/A       4%          1
e - Conjure Flame         Conj/Fire      14%        6-21      13%         3
f - Mephitic Cloud        Conj/Pois/Air  14%        N/A       13%         3
g - Apportation           Tloc           28%        N/A       4%          1
Your spell library was empty.

Dungeon Overview and Level Annotations

Branches:
Dungeon (2/15)

Altars:


Innate Abilities, Weirdness & Mutations

You are immune to sickness and miasma.
You are immune to poison.
Your flesh is very heat resistant. (rF++)
You are vulnerable to cold. (rC-)
You float through the air rather than walking.
You learn spells naturally, not from books.
Your magical power is your life essence.
You have superior vitality. (+4 MHP)


Message History

The goblin attacks as you move away! The goblin barely misses you.
The goblin attacks as you move away!
The goblin hits you with a +2 dagger of venom.
The goblin attacks as you move away!
The goblin hits you with a +2 dagger of venom.
The goblin attacks as you move away!
The goblin hits you with a +2 dagger of venom.
Things that are here:
a +0 hat; a +0 rapier The goblin attacks as you move away!
The goblin hits you with a +2 dagger of venom.
Items here: )))) ÷÷÷÷.
The goblin attacks as you move away! The goblin misses you.
Things that are here:
a +0 club; a goblin skeleton The goblin attacks as you move away!
The goblin hits you but does no damage. The goblin attacks as you move away!
The goblin misses you. The goblin attacks as you move away!
The goblin misses you. The goblin attacks as you move away!
The goblin hits you with a +2 dagger of venom.
* * * LOW HITPOINT WARNING * * *
There is a stone staircase leading up here.
The goblin closely misses you.
You fly upwards.
There is a stone staircase leading down here.
The goblin closely misses you. The goblin attacks as you move away!
The goblin hits you with a +2 dagger of venom.
* * * LOW HITPOINT WARNING * * *
The goblin attacks as you move away! The goblin misses you.
The goblin attacks as you move away!
The goblin hits you with a +2 dagger of venom.
* * * LOW HITPOINT WARNING * * *
The goblin attacks as you move away!
The goblin hits you with a +2 dagger of venom.
* * * LOW HITPOINT WARNING * * *
The goblin attacks as you move away! The goblin closely misses you.
The goblin attacks as you move away!
The goblin hits you with a +2 dagger of venom.
You die...

.......#.# #...# ###.# #
#)####...#####...# #.# #.#
#####...#...# ######.## #.#
#.###....####.......##### #.#
#.#.....##....÷#≈≈≈##....
#.#######.#.#.###..##.#.....#....
..##.......(.####.###.≈.....≈....
..##.###..........###[≈..⌠).≈..§.
..##.#..........@.....#.....#...§
..##.#.#..#....g#.######≈≈≈###≈≈§
.....#.#..##.#..#.# #......#....
#.#.............#.####...(..≈[.⌠§
..#.......##......##.#......≈..<.
#.#..#.#.>#####.###..#......#....
#.........##.......#........##≈§§
##........##.......##..######....
#........##.......##.........###


You could see a goblin.

Vanquished Creatures
  Robin (D:1)
  A ball python (D:1)
  3 bats
  4 endoplasms
  A giant cockroach (D:1)
  11 goblins
  3 hobgoblins
  2 jackals
  2 kobolds (D:1)
  3 quokkas
  3 rats
34 creatures vanquished.

Vanquished Creatures (others)
  A fungus (D:1)
  4 toadstools (D:1)
5 creatures vanquished.

Grand Total: 39 creatures vanquished

Notes
Turn   | Place    | Note
-------+----------+-------------------------------------------
     0 | D:1      | wakxed the Djinni Hedge Wizard began the quest for the Orb.
     0 | D:1      | wakxed set off with the following spells memorised: Magic
                  | Dart, Blink, Call Imp, Slow, Conjure Flame, Mephitic Cloud.
     0 | D:1      | Reached XP level 1. HP: 15/15 MP: 0/0
   553 | D:1      | Reached XP level 2. HP: 10/22 MP: 0/0
  1116 | D:1      | Reached skill level 1 in Fighting
  1562 | D:2      | Reached XP level 3. HP: 27/27 MP: 0/0
  1562 | D:2      | Learned a level 1 spell: Apportation
  1597 | D:2      | Reached skill level 3 in Spellcasting
  1692 | D:2      | Noticed Robin
  2229 | D:1      | Killed Robin
  2446 | D:2      | Reached XP level 4. HP: 32/32 MP: 0/0
  2612 | D:1      | HP: 1/32 [goblin/+2 dagger of venom[Robin] (3)]
  2614 | D:1      | Slain by a goblin

Illustrated notes

Levels and vault maps discovered:
D:1:      dpeg_arrival_rooms_with_view, layout_loops_cross, minmay_crystal_room,
          reono_crystal_passage, minmay_gold_behind_fungi
D:2:      layout_loops_cross, uniq_robin

Skill      XL: |  1  2  3 |
---------------+----------+-----
Fighting       | 1 |  1.6
Spellcasting   | 3 |  3.3
Dodging        | |  2.1
Stealth        | |  1.5

Action                   |  1- 3 |  4- 6 || total
-------------------------+-------+-------++-------
Melee: Rapier            |     3 |       ||     3
       Dagger            |     9 |    11 ||    20
 Cast: Magic Dart        |    65 |     1 ||    66
  Use: Scroll            |       |     1 ||     1
 Stab: Sleeping          |     2 |       ||     2
Armor: Robe              |     6 |     7 ||    13
Dodge: Dodged            |    29 |    13 ||    42
